 Dungeon Crawl Stone Soup version 0.20-a0-502-g555d78b (webtiles) character file.

33 Amnesiac the Vexing (level 3, 0/24 HPs)
             Began as a Mummy Enchanter on Jan 20, 2017.
             Slain by an adder (1 damage)
             ... on level 3 of the Dungeon.
             The game lasted 00:03:02 (1346 turns).

Amnesiac the Vexing (Mummy Enchanter)               Turns: 1346, Time: 00:03:03

Health: 0/24       AC:  2    Str: 11    XL:     3   Next: 12%
Magic:  0/7        EV: 12    Int: 15    God:
Gold:   29         SH:  0    Dex: 12    Spells: 2/8 levels left

rFire    x . .     SeeInvis .   a - +1 dagger
rCold    + . .     Gourm    .   b - +0 robe
rNeg     + + +     Faith    .   (no shield)
rPois    ∞         Spirit   .   (no helmet)
rElec    .         Reflect  .   (no cloak)
rCorr    .         Harm     .   (no gloves)
MR       .....                  (no boots)
Stlth    +++.......             h - amulet of inaccuracy (curse)
Regen    0.1/turn               (no ring)
                                f - ring of stealth

@: no status effects
A: no food or potions, fire vulnerability, cold resistance 1, negative energy
resistance 3, torment resistance, unbreathing
a: no special abilities


You were on level 3 of the Dungeon.
You were not hungry.

You visited 1 branch of the dungeon, and saw 3 of its levels.

You collected 29 gold pieces.

Inventory:

Hand Weapons
 a - a +1 dagger (weapon)
Armour
 b - a +0 robe (worn)
Jewellery
 f - a ring of stealth (left hand)
 h - a cursed amulet of inaccuracy (around neck)
Scrolls
 d - 3 scrolls of teleportation {unknown}
 e - a scroll of blinking
 g - a scroll of remove curse {unknown}
Books
 c - a book of Maledictions

   Spells                             Type                      Level
   a - Corona                         Hexes                        1
   b - Ensorcelled Hibernation        Hexes/Ice                    2
   c - Confuse                        Hexes                        3
   d - Tukima's Dance                 Hexes                        3
   e - Dazzling Spray                 Conjuration/Hexes            3


   Skills:
 - Level 2.0 Short Blades
 - Level 1.5 Dodging
 + Level 2.4 Stealth
 - Level 3.0 Spellcasting
 - Level 3.0 Hexes


You had 2 spell levels left.
You knew the following spells:

 Your Spells              Type           Power        Failure   Level  Hunger
e - Confuse               Hex            ##......     21%         3    N/A
f - Corona                Hex            ##.....      8%          1    N/A
z - Ensorcelled Hibernat  Hex/Ice        #.....       17%         2    N/A

Dungeon Overview and Level Annotations

Branches:
Dungeon (3/15)

Altars:
Dithmenos


Innate Abilities, Weirdness & Mutations

You do not eat or drink.
Your flesh is vulnerable to fire.
You are immune to poison.
Your flesh is cold resistant. (rC+)
You are immune to negative energy. (rN+++)
You are immune to unholy pain and torment.
You can survive without breathing.


Message History

The adder is almost dead.
The adder bites you but does no damage.
You barely miss the adder.
The adder is almost dead.
The adder bites you but does no damage. The adder bites you.
You miss the adder.
The adder is almost dead.
The adder closely misses you.
You miss the adder.
The adder is almost dead.
The adder bites you.
* * * LOW HITPOINT WARNING * * *
You barely miss the adder.
The adder is almost dead.
The adder bites you.
* * * LOW HITPOINT WARNING * * *
You closely miss the adder.
The adder is almost dead.
The adder bites you.
You die...

#....# #.##.# #.#..####
#.......# #######.###.#
#.........#.#
#.###.###.#.#
#.......#.#.#
##########....##@# #.#
........##....##S# #.#
........##.#####.# #.#
........##......<# #.#####
.......§########.# #.....#
......§........#.# #####.#
........_......#.#.#####.#
.......§..........>....#.#
.†...)..#......#######.#.#


You could see an adder.

Vanquished Creatures
  A worm (D:2)
  3 dart slugs
  A bat (D:2)
  7 goblins
  A hobgoblin (D:1)
  3 jackals (D:2)
  A quokka (D:3)
  A ball python (D:1)
  A frilled lizard (D:1)
  2 kobolds
  A rat (D:2)
22 creatures vanquished.

Notes
Turn   | Place    | Note
-------+----------+-------------------------------------------
     0 | D:1      | Amnesiac the Mummy Enchanter began the quest for the Orb.
     0 | D:1      | Reached XP level 1. HP: 13/13 MP: 4/4
    15 | D:1      | Reached skill level 1 in Short Blades
   316 | D:1      | Reached XP level 2. HP: 12/19 MP: 2/5
   320 | D:1      | Learned a level 2 spell: Ensorcelled Hibernation
  1221 | D:3      | Found a shadowy altar of Dithmenos.
  1233 | D:3      | Reached XP level 3. HP: 23/24 MP: 4/7
  1305 | D:3      | Learned a level 3 spell: Confuse
  1345 | D:3      | HP: 1/24 [adder (4)]
  1346 | D:3      | Slain by an adder

Vault maps used:
D:1:      mushboom_english_gardens
D:2:      lemuel_blue_sif_altar, serial_curves, eino_curves_03, eino_curves_02
D:3:      grunt_dithmenos_smoke, uniq_terence

Skill      XL: |  1  2  3 |
---------------+----------+-----
Short Blades   | 1 2 |  2.0
Hexes          | 3 |  3.0
Spellcasting   | 3 |  3.0
Dodging        | |  1.5
Stealth        | |  2.4

Action                   || total
-------------------------++-------
Melee: Dagger            ||    70
 Cast: Corona            ||    11
       Ensorcelled Hiber ||    16
  Use: Scroll            ||     1
 Stab: Sleeping          ||    12
Armor: Robe              ||    15
Dodge: Dodged            ||    39
